 Dungeon Crawl Stone Soup version 0.25-a0-488-g03579ab4a3 (webtiles) character file.

Game seed: 18078249679194033659, levelgen mode: deterministic

136215 kae the Black Belt (level 16, -16/141 HPs)
             Began as a Purple Draconian Transmuter on Feb 10, 2020.
             Was an Elder of Uskayaw.
             Shot with a bolt by a naga sharpshooter (27 damage)
             ... led by Vashnia
             ... on level 2 of the Snake Pit.
             The game lasted 00:58:35 (44337 turns).

kae the Black Belt (Purple Draconian Transmuter)   Turns: 44337, Time: 00:58:36

Health: -16/141    AC: 14    Str: 17    XL:     16   Next: 66%
Magic:  27/28      EV: 24    Int: 18    God:    Uskayaw [****..]
Gold:   2461       SH:  0    Dex: 17    Spells: 9/31 levels left

rFire    + . .     SeeInvis .     - Unarmed
rCold    x . .     Gourm    .   (shield currently unavailable)
rNeg     . . .     Faith    +   (armour unavailable)
rPois    .         Spirit   .   F - +2 hat
rElec    .         Reflect  .   (no cloak)
rCorr    .         Harm     .   (gloves currently unavailable)
MR       +++..                  h - +2 pair of boots
Stlth    ++........             T - amulet of faith
HPRegen  0.33/turn              I - ring of protection from magic
MPRegen  0.21/turn              X - ring of Nuclaos {Fire Str+3 Int+4}

@: blade hands
A: breathe power, unfitting armour, cold-blooded, AC +9
a: Breathe Dispelling Energy, End Transformation, Stomp, Line Pass, Renounce
Religion


You were on level 2 of the Snake Pit.
You worshipped Uskayaw.
Uskayaw was aware of your devotion.
You were hungry.
You had blades for hands.
You visited 5 branches of the dungeon, and saw 26 of its levels.
You also visited: Ice Cave.

You collected 4117 gold pieces.
You spent 1656 gold pieces at shops.

Inventory:

Missiles
 a - 330 arrows
Armour
 h - a +2 pair of boots (worn)
 F - a +2 hat (worn)
Jewellery
 g - a +3 ring of dexterity
 n - an uncursed amulet of regeneration
 u - an uncursed amulet of rage
 x - an uncursed amulet of guardian spirit
 y - an uncursed ring of resist corrosion
 z - an uncursed ring of protection from magic
 C - an uncursed ring of protection from cold
 I - a ring of protection from magic (left scythe-like blade)
 K - the ring "Beatuus" {MR+ Int+2}
   (You found it on level 3 of the Lair of Beasts)

   [ring of protection from magic]

   It affects your intelligence (+2).
   It affects your resistance to hostile enchantments.
 T - an amulet of faith (around neck)
 U - a cursed amulet of magic regeneration {unknown}
 V - an uncursed ring of positive energy
 W - an uncursed ring of protection from fire
 X - the ring of Nuclaos (right scythe-like blade) {Fire Str+3 Int+4}
   (You found it in an ice cave)

   [ring of fire]

   It enhances your fire magic.
   It affects your strength (+3).
   It affects your intelligence (+4).
   It protects you from fire.
   It makes you vulnerable to cold.
Wands
 i - a wand of random effects (16)
 A - a wand of digging (2)
 J - a wand of iceblast (11)
 L - a wand of paralysis (17)
 N - a wand of flame (13)
 Q - a wand of polymorph (19)
Scrolls
 b - 4 scrolls of amnesia
 e - 5 scrolls of fog
 f - 3 scrolls of teleportation
 m - a scroll of identify
 p - 4 scrolls of enchant weapon
 t - 3 scrolls of remove curse
 H - 3 scrolls of enchant armour
Potions
 d - 4 potions of agility
 j - 8 potions of curing
 k - a potion of mutation
 l - 3 potions of invisibility
 o - 7 potions of brilliance
 q - 2 potions of magic
 s - 4 potions of ambrosia
 v - a potion of might
 w - 2 potions of haste
 B - 2 potions of cancellation
 D - a potion of flight
 E - a potion of lignification
Comestibles
 c - 36 rations


   Skills:
 + Level 12.7 Fighting
 + Level 15.5 Dodging
 + Level 16.4 Unarmed Combat
 - Level 8.0 Spellcasting
 + Level 10.8 Transmutations
 - Level 4.0 Ice Magic
 - Level 4.0 Earth Magic
 - Level 10.1 Invocations
 - Level 6.0 Evocations


You had 9 spell levels left.
You knew the following spells:

 Your Spells              Type           Power        Failure   Level  Hunger
a - Beastly Appendage     Tmut           #####.       8%          1    None
b - Sticks to Snakes      Tmut           #####...     9%          2    None
c - Spider Form           Tmut/Pois      ####......   26%         3    #......
d - Blade Hands           Tmut           #####.....   26%         5    #####..
e - Ice Form              Ice/Tmut       ####....     32%         4    ###....
f - Apportation           Tloc           #.....       45%         1    None
g - Petrify               Tmut/Erth      ####....     32%         4    ###....
h - Blink                 Tloc           N/A          54%         2    None

Your spell library contained the following spells:

 Spells                   Type           Power        Failure   Level  Hunger
 Freeze                   Ice            ###.         21%         1    None
 Frozen Ramparts          Ice            ###...       34%         3    #......
 Ignite Poison            Fire/Tmut/Pois ####....     38%         3    #......
 Animate Skeleton         Necr           N/A          45%         1    None
 Corona                   Hex            #......      45%         1    None
 Magic Dart               Conj           #...         45%         1    None
 Summon Small Mammal      Summ           #...         45%         1    None
 Ozocubu's Armour         Chrm/Ice       ##......     52%         3    #......
 Call Imp                 Summ           #.......     54%         2    None
 Searing Ray              Conj           #.....       54%         2    None
 Slow                     Hex            #.......     54%         2    None
 Sublimation of Blood     Necr           #.........   54%         2    None
 Conjure Flame            Conj/Fire      ##......     71%         3    #......
 Dazzling Flash           Conj/Hex       #.....       71%         3    #......
 Mephitic Cloud           Conj/Pois/Air  #.......     71%         3    #......
 Recall                   Summ/Tloc      N/A          71%         3    #......
 Alistair's Intoxication  Tmut/Pois      ####....     73%         5    #####..
 Irradiate                Conj/Tmut      ####......   73%         5    #####..
 Hailstorm                Conj/Ice       ##......     80%         4    ###....
 Summon Ice Beast         Ice/Summ       ##......     80%         4    ###....
 Animate Dead             Necr           N/A          95%         4    ###....
 Fulminant Prism          Conj/Hex       #.........   95%         4    ###....
 Iskenderun's Mystic Bla  Conj/Tloc      #.......     95%         4    ###....
 Borgnjor's Vile Clutch   Necr/Erth      ##........   97%         5    #####..
 Eringya's Noxious Bog    Tmut/Pois      ####......   99%         6    ######.
 Death Channel            Necr           #.........   100%        6    ######.
 Simulacrum               Ice/Necr       ##........   100%        6    ######.


Dungeon Overview and Level Annotations

Branches:
Dungeon (15/15)            Temple (1/1) D:6            Lair (6/6) D:10
  Swamp (0/4) Lair:3        Snake (2/4) Lair:4        Slime (0/5) Lair:5
    Orc (2/2) D:11            Elf (0/3) Orc:2        Vaults (0/5) D:14
 Depths (0/5) D:15          IceCv (visited)

Altars:
Ashenzari
Cheibriados
Dithmenos
Elyvilon
Fedhas
Gozag
Hepliaklqana
Kikubaaqudgha
Makhleb
Nemelex Xobeh
Okawaru
Qazlal
Ru
Sif Muna
Trog
Uskayaw
Vehumet
Xom
Yredelemnul
Zin
The Shining One
Jiyva

Shops:
D:12 (   D:14 %   Orc:2 :}[%!

Portals:
Hell: Lair:6

Annotations:
Lair:2 1 runed translucent door, Fimbulvetr's ghost, journeyman DDFi
Lair:5 1 runed translucent door
Snake:2 Vashnia


Innate Abilities, Weirdness & Mutations

You can breathe bolts of dispelling energy.
Your rich purple scales are hard. (AC +9)
You cannot fit into any form of body armour.
You are cold-blooded and may be slowed by cold attacks.


Message History

Vashnia magically shoots an arrow.
The arrow hits you!
* * * LOW HITPOINT WARNING * * *
The arrow burns you.
* * * LOW HITPOINT WARNING * * *
You feel better.
The naga sharpshooter gestures wildly while chanting.
The naga sharpshooter magically shoots a bolt.
The bolt hits you.
* * * LOW HITPOINT WARNING * * *
Vashnia shoots an arrow.
The arrow closely misses you.
The naga sharpshooter unwields a +0 hand axe.
The naga sharpshooter wields a +0 shortbow.
The naga sharpshooter mumbles some strange words.
The naga sharpshooter magically shoots an arrow.
The arrow hits you.
* * * LOW HITPOINT WARNING * * *
The naga sharpshooter gestures wildly while chanting.
The naga sharpshooter magically shoots a bolt.
The bolt hits you!!
You die...

# ..N.. # #.... #
####.... . # ..
#.....N##(. # ...
##.......... #
.^.##........... ##
.........N...... ##.
........@....N.. ##..
........(........ ##..8
.......(.......... ##....
.......(..........##.....
..................#.....#
......((.........##..8..#
..(..(..(........#.....##
.................#.....##
......:..........#.....##


You could see Vashnia and 3 naga sharpshooters.

Vanquished Creatures
  Jorgrun (D:14)
  Rupert (D:14)
  Gastronok (Orc:1)
  A nagaraja (Snake:2)
  An orc warlord (Orc:2)
  An ironheart preserver (D:14)
  Azrael (D:15)
  Josephine (D:15)
  3 ogre magi
  3 ice dragons
  Harold (Lair:1)
  7 naga warriors
  A catoblepas (Lair:6)
  15 two-headed ogres
  9 hydras
  2 centaur warriors
  6 anacondas
  3 death knights (D:14)
  2 tengu warriors (D:15)
  A death yak (Lair:6)
  2 shock serpents
  2 naga sharpshooters
  A sixfirhy (Lair:6)
  2 salamander mystics (Snake:2)
  A skeletal warrior (D:14)
  2 unseen horrors
  2 deep trolls (Orc:2)
  A sea snake (Snake:2)
  A wizard (Lair:6)
  3 naga ritualists
  A necromancer (D:15)
  3 mana vipers (Snake:2)
  3 orc knights
  A wolf spider (D:14)
  5 cyclopes
  3 deep elf magi
  3 orc sorcerers
  13 ugly things
  4 manticores
  16 elephants
  8 salamanders (Snake:2)
  2 ice statues (IceCv)
  Joseph (D:7)
  18 black mambas
  Maggie (D:9)
  8 naga magi
  8 spiny frogs
  2 gargoyles
  3 guardian serpents
  A freezing wraith (D:14)
  4 rime drakes
  6 komodo dragons
  2 efreet (D:14)
  A red devil (Lair:6)
  16 trolls
  4 ice devils (Lair:6)
  A hellwing (Lair:6)
  A hornet (D:15)
  2 polar bears
  Prince Ribbit (D:8)
  18 blink frogs
  A bog body (Lair:3)
  A raiju (shapeshifter) (D:14)
  6 dream sheep
  8 hippogriffs
  A vampire (D:13)
  6 wyverns
  5 wraiths
  41 yaks
  4 fire elementals (D:15)
  4 basilisks
  Grum (D:8)
  2 vampire mosquitoes (D:14)
  2 steam dragons
  2 hungry ghosts
  11 nagas
  3 swamp worms (Lair:3)
  13 water moccasins
  7 porcupines
  8 hell hounds
  2 sky beasts
  A hornet zombie (D:14)
  14 orc warriors
  A sky beast (shapeshifter) (D:14)
  2 black bears
  19 ice beasts
  6 phantoms
  4 wolves
  2 necrophages
  25 ogres
  3 centaurs
  15 crocodiles
  4 big kobolds
  18 bullfrogs
  2 wyvern zombies
  A gnoll sergeant (D:7)
  A water moccasin skeleton (D:10)
  5 scorpions
  7 howler monkeys
  16 wights
  2 electric eels
  15 crimson imps
  2 quasits
  2 bullfrog zombies
  5 centaur zombies
  A bullfrog skeleton (D:12)
  12 jellies
  18 orc wizards
  13 orc priests
  7 hounds
  7 centaur skeletons
  7 iguanas
  14 worker ants
  A killer bee zombie (D:8)
  A hound zombie (D:9)
  3 hound skeletons
  2 howler monkey zombies
  2 worker ant zombies
  16 gnolls
  2 howler monkey skeletons (D:5)
  15 adders
  3 shadow imps
  12 white imps (D:14)
  8 oozes
  4 adder skeletons
  4 worms
  A dart slug (D:1)
  7 leopard geckos
  70 orcs
  10 hobgoblins
  14 jackals
  4 quokkas
  4 ball pythons
  8 bats
  6 frilled lizards
  9 goblins
  21 kobolds
  A leopard gecko zombie (D:5)
  A quokka zombie (D:5)
  5 rats
851 creatures vanquished.

Vanquished Creatures (others)
  A manticore (D:14)
  3 yaks (D:9)
  A jelly (D:15)
  2 orc wizards
  A gnoll (D:2)
  2 adders (D:2)
  2 jackals (D:2)
  10 fungi
  14 plants
36 creatures vanquished.

Grand Total: 887 creatures vanquished

Notes
Turn   | Place    | Note
-------+----------+-------------------------------------------
     0 | D:1      | kae the Draconian Transmuter began the quest for the Orb.
     0 | D:1      | Reached XP level 1. HP: 16/16 MP: 3/3
   444 | D:1      | Reached XP level 2. HP: 23/23 MP: 5/5
  1053 | D:1      | Reached XP level 3. HP: 9/28 MP: 6/6
  1778 | D:1      | Learned a level 2 spell: Sticks to Snakes
  1782 | D:1      | Learned a level 3 spell: Spider Form
  2055 | D:2      | Found a sacrificial altar of Ru.
  2140 | D:2      | Found a radiant altar of Vehumet.
  2415 | D:2      | Reached XP level 4. HP: 35/35 MP: 4/8
  2468 | D:2      | Reached skill level 4 in Unarmed Combat
  3561 | D:3      | Reached XP level 5. HP: 31/40 MP: 7/9
  3993 | D:4      | Found a blossoming altar of Fedhas.
  4141 | D:3      | Reached skill level 5 in Unarmed Combat
  4389 | D:4      | Reached XP level 6. HP: 44/47 MP: 7/10
  4856 | D:4      | Reached skill level 6 in Unarmed Combat
  5358 | D:4      | Your scales start taking on a rich purple colour.
  5358 | D:4      | Reached XP level 7. HP: 47/52 MP: 3/12
  5640 | D:5      | Entered Level 5 of the Dungeon
  5664 | D:5      | Found a white marble altar of Elyvilon.
  5698 | D:5      | Reached skill level 7 in Unarmed Combat
  5720 | D:5      | Reached skill level 5 in Transmutations
  6094 | D:5      | Learned a level 5 spell: Blade Hands
  6805 | D:6      | Reached XP level 8. HP: 54/59 MP: 9/13
  6924 | D:6      | Reached skill level 8 in Unarmed Combat
  6991 | D:6      | Found a staircase to the Ecumenical Temple.
  7004 | Temple   | Entered the Ecumenical Temple
  7109 | Temple   | Became a worshipper of Uskayaw the Reveler
  7211 | D:6      | Reached * piety under Uskayaw
  7452 | D:6      | Reached ** piety under Uskayaw
  8187 | D:7      | Noticed Joseph
  8402 | D:7      | Reached *** piety under Uskayaw
  8456 | D:7      | Reached skill level 9 in Unarmed Combat
  8468 | D:7      | Reached **** piety under Uskayaw
  8475 | D:7      | Reached ***** piety under Uskayaw
  9528 | D:7      | Reached XP level 9. HP: 63/64 MP: 14/14
  9659 | D:7      | Reached skill level 10 in Unarmed Combat
  9895 | D:7      | Killed Joseph
 10192 | D:8      | Noticed Prince Ribbit
 10206 | D:8      | Killed Prince Ribbit
 10431 | D:8      | Noticed a two-headed ogre
 10551 | D:8      | Noticed a two-headed ogre
 10564 | D:8      | Killed a two-headed ogre
 10564 | D:8      | Reached skill level 11 in Unarmed Combat
 10948 | D:8      | Found an iron altar of Okawaru.
 10997 | D:8      | Reached XP level 10. HP: 32/71 MP: 13/15
 11000 | D:8      | Reached skill level 12 in Unarmed Combat
 11668 | D:8      | Found a burning altar of Makhleb.
 11730 | D:8      | Noticed a two-headed ogre
 11742 | D:8      | Killed a two-headed ogre
 11742 | D:8      | Reached skill level 5 in Fighting
 11769 | D:8      | Noticed Grum
 12114 | D:8      | Killed Grum
 12570 | D:9      | Reached skill level 1 in Invocations
 12603 | D:9      | Reached ****** piety under Uskayaw
 12933 | D:9      | Noticed Maggie
 12955 | D:9      | Killed Maggie
 12955 | D:9      | Reached skill level 5 in Invocations
 13033 | D:9      | Found a sacrificial altar of Ru.
 13092 | D:9      | Reached skill level 1 in Evocations
 13210 | D:9      | Noticed a cyclops
 13281 | D:9      | Killed a cyclops
 13645 | D:9      | Reached XP level 11. HP: 70/92 MP: 14/16
 14036 | D:9      | Learned a level 4 spell: Ice Form
 14332 | D:9      | Killed an unseen horror
 14332 | D:9      | Reached skill level 5 in Evocations
 14469 | D:9      | Identified the cursed +3 short sword "Elext" {flame, Str+5
                  | Int-4}
 14720 | D:9      | Identified the +2 shortbow of Ancient Evil {venom, +Blink}
 14808 | D:10     | Entered Level 10 of the Dungeon
 15065 | D:10     | Found a staircase to the Lair.
 15521 | D:10     | Reached skill level 5 in Dodging
 15667 | Lair:1   | Entered Level 1 of the Lair of Beasts
 15744 | Lair:1   | Noticed Harold
 15763 | Lair:1   | Killed Harold
 16494 | Lair:1   | Reached XP level 12. HP: 48/103 MP: 9/17
 17930 | Lair:2   | Found a runed translucent door.
 17932 | Lair:2   | Noticed Fimbulvetr's ghost (journeyman DDFi)
 17934 | Lair:2   | Identified the +10 trident "Arcanum" {drain, rN+}
 17942 | Lair:2   | Noticed a six-headed hydra
 18290 | Lair:2   | Learned a level 1 spell: Apportation
 18454 | Lair:2   | Noticed an ice dragon
 18454 | Lair:2   | a six-headed hydra changed into an ice dragon
 18461 | Lair:2   | Killed an ice dragon
 19003 | Lair:3   | Got a translucent amber ring
 19227 | Lair:3   | Noticed a four-headed hydra
 19238 | Lair:3   | Killed a four-headed hydra
 19624 | Lair:3   | Reached skill level 5 in Spellcasting
 19629 | Lair:3   | Found a staircase to the Swamp.
 19750 | Lair:3   | Reached skill level 13 in Unarmed Combat
 19751 | Lair:3   | Reached skill level 10 in Fighting
 20230 | Lair:4   | Identified the ring "Beatuus" {MR+ Int+2} (You found it on
                  | level 3 of the Lair of Beasts)
 20294 | Lair:4   | Reached skill level 1 in Ice Magic
 20967 | Lair:4   | Noticed a seven-headed hydra
 21043 | Lair:4   | Found a staircase to the Snake Pit.
 21044 | Lair:4   | Noticed a six-headed hydra
 21348 | Lair:4   | Learned a level 4 spell: Petrify
 22176 | Lair:4   | Killed a six-headed hydra
 22176 | Lair:4   | Reached skill level 1 in Earth Magic
 22176 | Lair:4   | Reached XP level 13. HP: 113/113 MP: 18/22
 23562 | Lair:5   | You fall into a shaft and drop 1 floor!
 23562 | Lair:6   | Entered Level 6 of the Lair of Beasts
 24401 | Lair:6   | Reached skill level 10 in Invocations
 24834 | Lair:5   | Found a runed translucent door.
 24834 | Lair:5   | Found a viscous altar of Jiyva.
 25830 | Lair:5   | Noticed an acid blob
 25833 | Lair:5   | Found a staircase to the Slime Pits.
 25834 | Lair:5   | Noticed an acid blob
 26249 | Lair:6   | Reached skill level 14 in Unarmed Combat
 26510 | Lair:6   | Found a burning altar of Makhleb.
 26580 | Lair:6   | Found a gateway to Hell.
 27115 | Lair:3   | Learned a level 2 spell: Blink
 27492 | D:11     | Reached XP level 14. HP: 119/121 MP: 22/24
 27821 | D:11     | Found a staircase to the Orcish Mines.
 28075 | D:12     | Identified a scroll of acquirement
 28159 | D:12     | Reached skill level 15 in Unarmed Combat
 28869 | D:12     | Found Waoczu's Antique Weapon Shoppe.
 28999 | Orc:1    | Entered Level 1 of the Orcish Mines
 29006 | Orc:1    | Noticed Gastronok
 29022 | Orc:1    | Killed Gastronok
 29126 | Orc:2    | Entered Level 2 of the Orcish Mines
 29837 | Orc:2    | Found a staircase to the Elven Halls.
 30208 | Orc:2    | Found Gaxzimoa's Distillery.
 30372 | Orc:1    | Noticed an orc warlord
 30509 | Orc:2    | Killed an orc warlord
 30509 | Orc:2    | Reached skill level 10 in Dodging
 30553 | Orc:1    | Paralysed by an orc sorcerer for 2 turns
 31177 | Orc:2    | Found Ofanuc's Food Shop.
 31181 | Orc:2    | Found Xaseox's Armour Shoppe.
 31187 | Orc:2    | Found Zagiymen's Book Boutique.
 31321 | Orc:2    | Found Nur Qif's Gadget Shoppe.
 31553 | Orc:2    | Bought a manual of Dodging for 1656 gold pieces
 32508 | D:14     | Reached XP level 15. HP: 127/127 MP: 25/25
 32530 | D:14     | Found a gate to the Vaults.
 32839 | D:14     | Found a frozen archway.
 32905 | IceCv    | Entered an ice cave
 33404 | IceCv    | Got a coiled golden ring
 33641 | IceCv    | Identified the ring of Nuclaos {Fire Str+3 Int+4} (You
                  | found it in an ice cave)
 33671 | D:14     | Found Xazig's Food Shoppe.
 33692 | D:14     | Noticed Jorgrun
 33720 | D:14     | Killed Jorgrun
 33880 | D:14     | Noticed Rupert
 33895 | D:14     | Killed Rupert
 36155 | D:15     | Entered Level 15 of the Dungeon
 36190 | D:15     | Paralysed by a hornet for 3 turns
 36331 | D:15     | Noticed Josephine
 36586 | D:15     | Killed Josephine
 36586 | D:15     | Reached skill level 16 in Unarmed Combat
 36857 | D:15     | Noticed Azrael
 36880 | D:15     | Killed Azrael
 37179 | D:15     | Found a staircase to the Depths.
 38231 | D:15     | Reached skill level 15 in Dodging
 38345 | D:15     | Reached XP level 16. HP: 125/139 MP: 20/26
 38713 | Snake:1  | Entered Level 1 of the Snake Pit
 39854 | Snake:1  | Reached skill level 10 in Transmutations
 44325 | Snake:2  | Noticed Vashnia
 44337 | Snake:2  | Shot with a bolt by a naga sharpshooter

Levels and vault maps discovered:
D:1:      lightli_arrival_statue_moat, layout_basic
D:2:      layout_loops_cross, fiery_altar_vehumet, first_ration,
          chequers_serial_rivers_room_a, minmay_hedge_maze,
          nicolae_ru_awakened_eye
D:3:      layout_loops_corners
D:4:      layout_loops_ring, fedhas_altar_2, palyth_stone_intersect,
          chequers_serial_rivers_small_3
D:5:      layout_rooms, lemuel_doored_altar, minmay_chambers_of_fives
D:6:      layout_layer_cave, minmay_temple_entry_proselytizer,
          chequers_serial_rivers_large_a, kennysheep_generic_room_2
D:7:      wad_pebble_path, layout_basic, uniq_joseph
D:8:      layout_basic, makhleb_heckhound_becter, okawaru_trees_2,
          uniq_prince_ribbit1, uniq_grum
D:9:      minmay_the_grid_triangle_9x9_rhombus_thin_mashed
          [minmay_the_grid_triangle_9x9_zippers_vertical,
          minmay_the_grid_triangle_9x9_prize_schism,
          minmay_the_grid_triangle_9x9_negative_grid,
          minmay_the_grid_triangle_9x9_cache], layout_basic,
          nicolae_overflow_crystal_walls, lemuel_flamethrower_1, uniq_maggie
D:10:     layout_roguey, david_lair_generic, hangedman_little_slice_of_home,
          minmay_between
D:11:     layout_long_grid, orc_0_dummy
D:12:     layout_stronghold, serial_shops, kennysheep_mini
D:13:     layout_gridville, minmay_stone_trees_small
D:14:     minmay_blocking_statues, layout_small_grid,
          skrybe_vaults_entry_preservation, portal_ice_cave_entry_imps,
          minmay_misc_feat_room, serial_shops, shop, uniq_jorgrun, uniq_rupert
D:15:     grunt_enter_depths_magical_seal, layout_rooms,
          chequers_hall_statues_y, uniq_azrael, uniq_josephine
Temple:   eino_temple_scatter_basement
Lair:1:   layout_regular_city, grunt_megastairs_4, lemuel_fruit_fields,
          serial_bayou_shore_a, uniq_harold
Lair:2:   layout_big_grid, ebering_ghost_funeral_grove, bh_chokoban
Lair:3:   layout_regular_city, nicolae_swamp_entry_splash_gauntlet
Lair:4:   layout_gridlike, dummy_snake_entry
Lair:5:   layout_concentric_octagons, slime_altar_2,
          nicolae_quartered_pool_medium
Lair:6:   evil_forest, layout_regular_city
Snake:1:  layout_chambers, nicolae_snake_round_shape_thing,
          nrook_guardian_serpent_double
Snake:2:  layout_cave_shapes, serial_bayou_pond_c, serial_bayou_pond_a,
          nicolae_snake_horde_hoard, grunt_megastairs_3, serial_bayou_shore_b,
          uniq_vashnia
Orc:1:    layout_caves, minmay_orc_keep, uniq_gastronok
Orc:2:    st_orc_open, layout_caves, serial_shops, nicolae_shop_crystal

Skill      XL: |  1  2  3  4  5  6  7  8  9 10 11 12 13 14 15 16 |
---------------+-------------------------------------------------+-----
Spellcasting   | 3 6 7 8 |  8.0
Unarmed Combat | 4 5 6 7 9 11 12 13 14 15 16 | 16.4
Transmutations | 3 4 5 6 8 9 10 | 10.8
Fighting       | 7 8 10 12 | 12.7
Invocations    | 5 7 10 | 10.1
Evocations     | 3 6 |  6.0
Dodging        | 6 11 15 | 15.5
Ice Magic      | 4 |  4.0
Earth Magic    | 1 4 |  4.0

Action                   |  1- 3 |  4- 6 |  7- 9 | 10-12 | 13-15 | 16-18 || total
-------------------------+-------+-------+-------+-------+-------+-------++-------
Melee: Unarmed           |   148 |   176 |   351 |   662 |  1172 |   298 ||  2807
       Headbutt          |    11 |     9 |    13 |    52 |    82 |    11 ||   178
       Kick              |     5 |       |       |       |       |       ||     5
       Tailslap          |     8 |     7 |    25 |    80 |   213 |    55 ||   388
       Punch             |     1 |     3 |     8 |    38 |    94 |    28 ||   172
 Cast: Beastly Appendage |    20 |    16 |    14 |    49 |    40 |    11 ||   150
       Spider Form       |     1 |    12 |    22 |    10 |       |       ||    45
       Blade Hands       |       |       |       |    17 |    59 |    15 ||    91
       Ice Form          |       |       |       |     7 |     1 |     5 ||    13
       Petrify           |       |       |       |     6 |     9 |       ||    15
       Sticks to Snakes  |       |       |       |     5 |     4 |       ||     9
Invok: Stomp             |       |       |       |     1 |       |       ||     1
       Line Pass         |       |       |       |       |     1 |       ||     1
 Abil: Breathe Dispellin |       |       |     8 |     8 |     5 |     2 ||    23
       End Transformatio |       |       |       |     1 |       |     1 ||     2
Evoke: Wand              |       |       |     1 |    11 |     5 |       ||    17
  Use: Potion            |     1 |     5 |     1 |     4 |     2 |     1 ||    14
       Scroll            |     1 |     7 |    10 |    14 |     7 |     2 ||    41
 Stab: Sleeping          |     3 |     2 |     2 |     4 |     3 |     1 ||    15
       Paralysed         |       |       |     5 |    29 |    80 |    30 ||   144
       Confused          |       |       |       |     2 |       |       ||     2
       Distracted        |       |       |       |     1 |     2 |       ||     3
       Petrified         |       |       |       |     5 |       |       ||     5
       Petrifying        |       |       |       |     1 |       |       ||     1
  Eat: Chunk             |     5 |     8 |    16 |    36 |    58 |    11 ||   134
       Ration            |       |     1 |     2 |     4 |     5 |     4 ||    16
Armor: Skin              |    45 |    48 |    63 |   135 |   285 |    41 ||   617
Dodge: Dodged            |   135 |   142 |   235 |   368 |   838 |   251 ||  1969

Table legend:
 A = Non-vault XP
 B = Vault XP
 C = Vault XP percentage of total XP
 D = Non-vault monster count
 E = Vault monster count
 F = Vault count percentage of total count
                 A         B        C        D         E       F
            +---------+---------+-------+---------+---------+-------
      Total |  124845 |   69749 |  35.8 |     645 |     206 |  24.2
            +---------+---------+-------+---------+---------+-------
        D:1 |      48 |       0 |   0.0 |      29 |       0 |   0.0
        D:2 |      79 |       0 |   0.0 |      24 |       0 |   0.0
        D:3 |     173 |       0 |   0.0 |      13 |       0 |   0.0
        D:4 |     437 |       0 |   0.0 |      37 |       0 |   0.0
        D:5 |     540 |      38 |   6.6 |      21 |       3 |  12.5
        D:6 |     453 |      41 |   8.3 |      12 |       1 |   7.7
        D:7 |    1182 |     571 |  32.6 |      35 |       2 |   5.4
        D:8 |    3160 |     853 |  21.3 |      32 |       6 |  15.8
        D:9 |    3126 |    2666 |  46.0 |      39 |      15 |  27.8
       D:10 |    1687 |    1093 |  39.3 |      23 |      14 |  37.8
       D:11 |    5055 |       0 |   0.0 |      30 |       0 |   0.0
       D:12 |    3572 |       0 |   0.0 |      19 |       0 |   0.0
       D:13 |    5929 |       0 |   0.0 |      27 |       0 |   0.0
       D:14 |   12917 |   15662 |  54.8 |      45 |      36 |  44.4
       D:15 |    9438 |    8706 |  48.0 |      23 |      22 |  48.9
     Lair:1 |    5949 |    1571 |  20.9 |      25 |       3 |  10.7
     Lair:2 |    2367 |       0 |   0.0 |       8 |       0 |   0.0
     Lair:3 |    3904 |     805 |  17.1 |      18 |       5 |  21.7
     Lair:4 |    9511 |       0 |   0.0 |      30 |       0 |   0.0
     Lair:5 |    4813 |       0 |   0.0 |      17 |       0 |   0.0
     Lair:6 |    6763 |   10145 |  60.0 |      20 |      26 |  56.5
    Snake:1 |   14051 |     385 |   2.7 |      25 |       1 |   3.8
    Snake:2 |   22452 |    3446 |  13.3 |      39 |       5 |  11.4
      Orc:1 |    1774 |    2561 |  59.1 |      14 |       7 |  33.3
      Orc:2 |    5465 |   15731 |  74.2 |      40 |      40 |  50.0
      IceCv |       0 |    5475 | 100.0 |       0 |      20 | 100.0
            +---------+---------+-------+---------+---------+-------
